 Dungeon Crawl Stone Soup version 0.28.0-47-ge53b351184 (webtiles) character file.

Game seed: 16731531162770456816

402 issech the Cudgeller (level 6, -2/61 HPs)
             Began as a Troll Fighter on Apr 27, 2022.
             Succumbed to Edmund's poison
             ... on level 4 of the Dungeon.
             The game lasted 00:07:08 (2271 turns).

issech the Cudgeller (Troll Fighter)                Turns: 2271, Time: 00:07:08

Health: -2/61      AC:  4    Str: 25    XL:     6   Next: 55%
Magic:  5/5        EV:  9    Int:  4    God:
Gold:   90         SH:  8    Dex: 11    Spells: 5/5 levels left

rFire   . . .      SeeInvis .   m - +1 morningstar
rCold   . . .      Faith    .   c - +0 kite shield
rNeg    . . .      Spirit   .   b - +0 robe
rPois   .          Reflect  .   (helmet restricted)
rElec   .          Harm     .   (no cloak)
rCorr   .          Rampage  .   (gloves unavailable)
Will    .....                   (boots unavailable)
Stlth   +.........              (no amulet)
HPRegen 1.00/turn               (no ring)
MPRegen 0.09/turn               (no ring)

@: lethally poisoned (-2 -> -11)
A: large, unfitting armour, claws 3, regeneration 1, shaggy fur 1, tough skin 1
a: no special abilities


You were on level 4 of the Dungeon.
You visited 1 branch of the dungeon, and saw 4 of its levels.

You collected 90 gold pieces.

Inventory:

Hand Weapons
 a - a +0 flail
 f - a +0 hunting sling
 m - a +1 morningstar (weapon)
 n - a +0 dagger of protection
 o - a +2 vorpal hand axe
 r - a +0 giant club
Missiles
 i - 97 stones (quivered)
 k - 6 poisoned darts
 q - 15 sling bullets
Armour
 b - a +0 robe (worn)
 c - a +0 kite shield (worn)
Wands
 p - a wand of charming (10)
Scrolls
 e - 2 scrolls of enchant weapon
 h - a scroll of summoning {unknown}
Potions
 d - a potion of might
 j - a potion of ambrosia {unknown}
 l - a potion of haste {unknown}
 s - a potion of cancellation {unknown}


   Skills:
 + Level 3.3 Fighting
 + Level 4.0 Maces & Flails
 + Level 1.0 Throwing
 + Level 3.3 Dodging
 + Level 0.7 Stealth
 + Level 3.4 Shields


You had 5 spell levels left.
You didn't know any spells.
Your spell library contained the following spells:

 Spells                   Type           Power      Damage    Failure   Level
 Apportation              Tloc           0%         N/A       80%         1
 Alistair's Intoxication  Tmut/Pois      0%         N/A       100%        5


Dungeon Overview and Level Annotations

Branches:
Dungeon (4/15)
 Temple: D:4-7

Altars:
Fedhas
Yredelemnul

Annotations:
D:4 Edmund


Innate Abilities, Weirdness & Mutations

You are too large for most types of armour.
You have claws for hands.
Your natural rate of healing is unusually fast.
You are covered in fur. (AC +1)
You have tough skin. (AC +1)


Message History

You throw a large rock. The large rock hits Edmund!
Edmund is moderately wounded.
You throw a large rock. The large rock closely misses Edmund.
A goblin comes into view. It is wielding a +0 dagger.
You throw a large rock. The large rock closely misses Edmund.
The goblin shouts!
You block Edmund's attack.
Edmund hits you with a +0 flail of venom!
You are poisoned.
You thump Edmund!
Edmund is heavily wounded.
You feel very sick.
Edmund hits you with a +0 flail of venom!
You are more poisoned.
You completely miss Edmund.
Edmund is heavily wounded.
You feel extremely sick. Edmund barely misses you.
Edmund hits you with a +0 flail of venom.
You are more poisoned.
You hit Edmund.
Edmund is heavily wounded.
You feel extremely sick.
Edmund hits you with a +0 flail of venom!
* * * LOW HITPOINT WARNING * * *
You are lethally poisoned!
* * * LOW HITPOINT WARNING * * *
You feel extremely sick. You block the goblin's attack.
* * * LOW HITPOINT WARNING * * *
You feel very sick.
* * * LOW HITPOINT WARNING * * *
You feel very sick. The goblin hits you with a +0 dagger.
* * * LOW HITPOINT WARNING * * *
Unknown command.
As you read the scroll labelled LEZU QIBASKO, it crumbles to dust.
It is a scroll of enchant weapon.
Your +0 morningstar glows red for a moment.
You die...

#.# #.## # ####
###.####..##.##
#####..###....#....<...#
##.##...##.....#........#
##..#.....##...#..#....#..#
#..........#..#....#......#
#...#.#............#....##..
###.###................## ..
####.....#...@@......# .
#.....#....g..##...
#............####..
######.#..##.^.....#...
##...##.#...####........
##..>....##...##.........
#.......####......[.##...
#....#.)##.....##(.## ...
.##............#....# ..


You could see Edmund and a goblin.

Vanquished Creatures
  Grinder (D:3)
  An ogre (D:4)
  A hound (D:3)
  A hound skeleton (D:4)
  3 adders
  2 worms
  An orc (D:3)
  8 ball pythons
  4 bats
  11 endoplasms
  4 giant cockroaches (D:1)
  3 goblins (D:1)
  9 hobgoblins
  A kobold (D:1)
  2 quokkas
  5 frilled lizards
  4 rats
61 creatures vanquished.

Vanquished Creatures (others)
  4 fungi (D:3)
  9 plants (D:3)
13 creatures vanquished.

Grand Total: 74 creatures vanquished

Notes
Turn   | Place    | Note
-------+----------+-------------------------------------------
     0 | D:1      | issech the Troll Fighter began the quest for the Orb.
     0 | D:1      | Reached XP level 1. HP: 22/22 MP: 0/0
    98 | D:1      | Reached XP level 2. HP: 27/29 MP: 1/1
   111 | D:1      | Reached skill level 2 in Maces & Flails
   465 | D:1      | Reached XP level 3. HP: 28/36 MP: 2/2
  1384 | D:3      | Found a basalt altar of Yredelemnul.
  1507 | D:3      | Noticed Grinder
  1508 | D:3      | Paralysed by Grinder for 5 turns
  1545 | D:3      | Reached XP level 4. HP: 44/44 MP: 3/3
  1667 | D:3      | Found a blossoming altar of Fedhas.
  1731 | D:3      | Found a faded altar of an unknown god.
  1833 | D:3      | Paralysed by Grinder for 3 turns
  1839 | D:3      | Paralysed by Grinder for 5 turns
  1870 | D:3      | Paralysed by Grinder for 4 turns
  1879 | D:3      | Killed Grinder
  1880 | D:3      | Reached skill level 3 in Maces & Flails
  1880 | D:3      | Reached XP level 5. HP: 32/53 MP: 4/4
  1944 | D:3      | Reached XP level 6. HP: 61/61 MP: 5/5
  2218 | D:4      | Reached skill level 4 in Maces & Flails
  2218 | D:4      | Reached skill level 1 in Throwing
  2254 | D:4      | Noticed Edmund
  2270 | D:4      | HP: 2/61 [poisoned by Edmund]
  2271 | D:4      | Succumbed to Edmund's poison

Illustrated notes

Levels and vault maps discovered:
D:1:      zelgadis_glass_arrival_small, layout_basic, minmay_crystal_room,
          chequers_decorated_corner
D:2:      layout_basic, lemuel_another_geyser
D:3:      layout_loops_ring, fedhas_altar_2, overflow_temple_1_default,
          shapermc_ecumenical_altar_mp_urbaneastern, uniq_grinder
D:4:      layout_cave_pools, uniq_edmund

Skill      XL: |  1  2  3  4  5  6 |
---------------+-------------------+-----
Maces & Flails | 2 3 4 |  4.0
Fighting       | 3 |  3.3
Dodging        | 3 |  3.3
Shields        | 3 |  3.4
Throwing       | 1 |  1.0
Stealth        | |  0.7

Action                   |  1- 3 |  4- 6 || total
-------------------------+-------+-------++-------
Melee: Flail             |   111 |    23 ||   134
       Morningstar       |       |    31 ||    31
Throw: Large rock        |     8 |     9 ||    17
       Stone             |       |     3 ||     3
  Use: Scroll            |       |     1 ||     1
 Stab: Sleeping          |     1 |       ||     1
Armor: Robe              |    55 |    15 ||    70
Dodge: Dodged            |    43 |    21 ||    64
Block: Kite shield       |    48 |    26 ||    74
